Condors vs Barracuda
(R1)
Created - November 21, 2024 at 20:41
Goals
|
Condors |
2 |
1 |
1 |
4 |
Barracuda |
3 |
1 |
2 |
6 |
|
Shots
|
Condors |
13 |
21 |
9 |
43 |
Barracuda |
7 |
11 |
13 |
31 |
|
1st period
1. Condors , Martin Frk 6 (Tyson Jost 11) at 3:59 (PP)
2. Condors , Tyson Jost 6 (Klim Kostin 2, Alexandre Carrier 9) at 8:34
3. Barracuda , Kyle Platzer 3 (Alex Henriksson 4, Robin Norell 7) at 11:18
4. Barracuda , Emil Pettersson 6 (Kurtis Macdermid 7) at 12:29
5. Barracuda , Cole Ully 5 (Jordan Gross 5, Noah Gregor 1) at 13:59
Penalties :
Kurtis Macdermid (S.J) for Tripping (Minor) at 3:55, Mac Hollowell (S.J) for Cross-checking (Minor) at 8:48, Philip Broberg (Bak) for Tripping (Minor) at 14:04
2nd period
6. Condors , Remi Elie 1 (Nick Shore 15, Cody Glass 4) at 4:45
7. Barracuda , Theodor Blueger 10 (William Carrier 11, Alex Lintuniemi 1) at 9:03
Penalties :
Klim Kostin (Bak) for Delaying the game (Minor) at 1:46, Thomas Gobeil (S.J) for Slashing (Minor) at 9:25, Jaedon Descheneau (S.J) for Hooking (Minor) at 13:35, Taro Hirose (Bak) for Diving (Minor) at 16:26
3rd period
8. Condors , Evan Bouchard 5 (Tyson Jost 12, Alexandre Carrier 10) at 0:16
9. Barracuda , Theodor Blueger 11 (William Carrier 12, Alex Lintuniemi 2) at 2:24
10. Barracuda , Robin Norell 2 (Emil Pettersson 16, Mac Hollowell 7) at 19:24 (Empty Net)
Penalties :
Jordan Subban (Bak) for Holding (Minor) at 5:23, Connor Hurley (Bak) for Hooking (Minor) at 8:08
Goalie Stats
Stuart Skinner (Bak), 25 saves from 30 shots - (0.833), L, 3-6-1, 59:32 minutes
Kevin Mandolese (S.J), 39 saves from 43 shots - (0.907), W, 1-0-0, 60:00 minutes
Players Stats for Condors
Player Name G A P +/- PIM S H SB GA TA FO MP PP MP PK MP
------------------------------------------------------------------------------------
Alexander Alexeyev 0 0 0 -1 0 3 1 1 0 0 0/0 19:45 2:24 3:34
Alexandre Carrier 0 2 2 0 0 4 1 2 0 1 0/0 27:00 3:37 6:21
Cody Glass 0 1 1 0 0 2 0 1 0 0 0/0 14:11 3:18 0:00
Connor Hurley 0 0 0 -3 2 3 0 1 0 0 1/3 8:12 0:00 0:00
Evan Bouchard 1 0 1 0 0 1 1 3 0 0 0/0 29:25 3:37 5:58
Gustav Olofsson 0 0 0 -1 0 0 1 0 0 0 0/0 20:22 2:24 3:34
Jordan Subban 0 0 0 -2 2 1 1 0 0 0 0/0 10:00 0:00 0:00
Klim Kostin 0 1 1 2 2 1 3 0 0 0 1/1 17:10 2:35 3:11
Martin Frk 1 0 1 -2 0 5 2 1 0 0 0/0 19:31 3:26 5:24
Nick Shore 0 1 1 0 0 2 4 1 1 0 13/20 16:47 2:35 2:31
Nikolai Knyzhov 0 0 0 -2 0 0 1 0 0 1 0/0 10:13 0:00 0:23
Philip Broberg 0 0 0 0 2 0 0 0 0 0 0/0 5:11 0:00 0:00
Pontus Holmberg 0 0 0 -3 0 2 1 0 0 0 0/0 7:53 0:00 0:00
Raphael Lavoie 0 0 0 -3 0 0 1 0 0 0 1/1 7:53 0:00 0:00
Remi Elie 1 0 1 1 0 3 0 1 1 0 0/1 15:03 0:08 0:44
Ryan McLeod 0 0 0 -2 0 1 0 0 0 0 2/5 12:29 0:00 0:33
Taro Hirose 0 0 0 -2 2 2 1 0 0 0 0/0 11:35 0:00 0:00
Tyson Jost 1 2 3 2 0 7 1 1 1 0 12/23 19:46 3:26 5:29
Yegor Sharangovich 0 0 0 1 0 6 3 0 0 0 0/1 17:34 2:35 1:58
Players Stats for Barracuda
Player Name G A P +/- PIM S H SB GA TA FO MP PP MP PK MP
------------------------------------------------------------------------------------
Alex Henriksson 0 1 1 0 0 2 1 0 0 0 0/0 9:41 0:34 0:44
Alex Lintuniemi 0 2 2 0 0 0 2 0 0 1 0/0 12:43 0:00 0:58
Alexei Toropchenko 0 0 0 -1 0 0 0 0 0 0 1/1 7:54 0:34 0:00
Cole Ully 1 0 1 1 0 1 0 0 0 0 1/2 11:12 0:00 0:00
Dennis Cholowski 0 0 0 0 0 0 1 1 0 0 0/0 11:45 0:00 0:00
Emil Pettersson 1 1 2 1 0 1 3 1 0 0 15/35 21:16 5:23 3:23
Jaedon Descheneau 0 0 0 1 2 0 1 0 0 0 0/1 16:13 3:55 0:00
Jordan Gross 0 1 1 2 0 1 0 2 0 0 0/0 20:48 4:11 2:23
Kurtis Macdermid 0 1 1 1 2 7 1 1 0 0 0/1 21:09 5:23 3:27
Kyle Platzer 1 0 1 0 0 1 1 0 0 0 0/0 9:09 0:03 0:54
Luke Martin 0 0 0 1 0 0 1 1 0 0 0/0 20:16 4:11 2:22
Mac Hollowell 0 1 1 2 2 2 1 1 0 0 0/0 26:53 5:44 2:34
Nikolai Kovalenko 0 0 0 1 0 1 1 0 1 0 0/0 11:12 0:00 0:00
Noah Gregor 0 1 1 1 0 5 5 0 0 0 3/4 11:53 0:40 0:00
Robin Norell 1 1 2 2 0 1 1 1 1 0 0/0 28:05 5:44 3:45
Theodor Blueger 2 0 2 1 0 6 1 1 0 0 4/9 18:01 3:55 1:57
Thomas Gobeil 0 0 0 1 2 1 0 3 0 0 1/1 18:04 5:23 0:00
William Carrier 0 2 2 1 0 2 3 0 0 2 0/1 17:41 3:55 1:37
3 Stars
1 - Theodor Blueger (S.J)
2 - Tyson Jost (Bak)
3 - Emil Pettersson (S.J)
Power Play
Condors - 1 on 4 Attempt(s) - 25.00%
Barracuda - 0 on 5 Attempt(s) - 0.00%
Penalty Kill
Condors - 5 on 5 Attempt(s) - 100.00%
- Score 0 goal in Penalty Kill
Barracuda - 3 on 4 Attempt(s) - 75.00%
- Score 0 goal in Penalty Kill
Team Stat
Condors - Hits : 22 - Faceoff Wins : 30 - Blocked Shots : 12 - Penalty Minutes : 10
Barracuda - Hits : 23 - Faceoff Wins : 25 - Blocked Shots : 12 - Penalty Minutes : 8
Official
Referees : Garrett Rank and Wes McCauley
Linesman : Tony Sericolo and Shandor Alphonso
Game Notes
Robin Norell has scored in a empty net!
Finance
Level 1 -- Attendance: 1790 (89.50%) -- Ticket Income $125,300
Level 2 -- Attendance: 1000 (100.00%) -- Ticket Income $40,000
Total Attendance: 2790 (93.00%)
Total Ticket Income: $165,300
Other Income: $8,265
Total Income: $173,565
Condors
5 vs 5 Forward
Center Left Wing Right Wing Time % Phy DF OF
1 Nick Shore Remi Elie Cody Glass 40 1 2 2
2 Tyson Jost Klim Kostin Yegor Sharangovich 30 1 2 2
3 Ryan McLeod Taro Hirose Martin Frk 20 1 2 2
4 Connor Hurley Raphael Lavoie Pontus Holmberg 10 1 2 2
5 vs 5 Defense
Defense Defense Time % Phy DF OF
1 Alexandre Carrier Evan Bouchard 40 1 2 2
2 Gustav Olofsson Alexander Alexeyev 30 1 2 2
3 Nikolai Knyzhov Jordan Subban 20 1 2 2
4 Philip Broberg Evan Bouchard 10 1 2 2
PowerPlay Forward
Center Left Wing Right Wing Time % Phy DF OF
1 Tyson Jost Cody Glass Martin Frk 60 1 2 2
2 Nick Shore Klim Kostin Yegor Sharangovich 40 1 2 2
PowerPlay Defense
Defense Defense Time % Phy DF OF
1 Alexandre Carrier Evan Bouchard 60 1 2 2
2 Gustav Olofsson Alexander Alexeyev 40 1 2 2
Penalty Kill 4 Players Forward
Center Wing Time % Phy DF OF
1 Tyson Jost Martin Frk 60 1 2 2
2 Nick Shore Klim Kostin 40 1 2 2
Penalty Kill 4 Players Defense
Defense Defense Time % Phy DF OF
1 Alexandre Carrier Evan Bouchard 60 1 2 2
2 Gustav Olofsson Alexander Alexeyev 40 1 2 2
Penalty Kill - 3 Players Forward
Forward Time % Phy DF OF
1 Nick Shore 60 1 2 2
2 Tyson Jost 40 1 2 2
Penalty Kill - 3 Players Defense
Defense Defense Time % Phy DF OF
1 Alexandre Carrier Evan Bouchard 60 1 2 2
2 Gustav Olofsson Alexander Alexeyev 40 1 2 2
4 vs 4 Forward
Center Wing Time % Phy DF OF
1 Nick Shore Martin Frk 60 1 2 2
2 Tyson Jost Klim Kostin 40 1 2 2
4 vs 4 Defense
Defense Defense Time % Phy DF OF
1 Alexandre Carrier Evan Bouchard 60 1 2 2
2 Gustav Olofsson Alexander Alexeyev 40 1 2 2
Last Minutes Offensive
Center Left Wing Right Wing Defense Defense
Nick Shore Yegor Sharangovich Martin Frk Alexandre Carrier Evan Bouchard
Last Minutes Defensive
Center Left Wing Right Wing Defense Defense
Nick Shore Yegor Sharangovich Martin Frk Alexandre Carrier Evan Bouchard
Goaltenders
Starting : Stuart Skinner
Backup : Jaxson Stauber
Extra Forwards
Normal : Yegor Sharangovich, Klim Kostin, Taro Hirose - PP : Yegor Sharangovich, Klim Kostin - PK : Yegor Sharangovich
Extra Defensemen
Normal : Alexander Alexeyev, Nikolai Knyzhov, Jordan Subban - PP : Philip Broberg - PK : Alexander Alexeyev, Nikolai Knyzhov
Penalty Shots
Ryan McLeod, Martin Frk, Nick Shore, Tyson Jost, Yegor Sharangovich
Custom OT Lines Forwards
Ryan McLeod, Martin Frk, Nick Shore, Tyson Jost, Yegor Sharangovich, Klim Kostin, Taro Hirose, Cody Glass, Connor Hurley, Pontus Holmberg
Custom OT Lines Defensemen
Alexandre Carrier, Evan Bouchard, Gustav Olofsson, Alexander Alexeyev, Nikolai Knyzhov
Scratches
Adam Erne (Suspend), Cole Cassels (Healthy), Colin White (Healthy), Semyon Der-Arguchintsev (Healthy), Jeremy Gregoire (Healthy)
Robin Salo (Healthy), Filip Kral (Healthy), Brayden Pachal (Healthy), Filip Johansson (Healthy), Lucas Johansen (Healthy)
Cole Fonstad (Healthy), Jack Perbix (Healthy), Filip Cederqvist (Healthy), Michael Dipietro (Healthy)
Barracuda
5 vs 5 Forward
Center Left Wing Right Wing Time % Phy DF OF
1 Emil Pettersson Kurtis Macdermid Thomas Gobeil 40 1 2 2
2 Theodor Blueger William Carrier Jaedon Descheneau 30 1 2 2
3 Noah Gregor Cole Ully Nikolai Kovalenko 20 1 3 1
4 Kyle Platzer Alex Henriksson Alexei Toropchenko 10 1 3 1
5 vs 5 Defense
Defense Defense Time % Phy DF OF
1 Robin Norell Mac Hollowell 40 1 3 1
2 Jordan Gross Luke Martin 30 1 3 1
3 Alex Lintuniemi Dennis Cholowski 20 1 3 1
4 Robin Norell Mac Hollowell 10 1 3 1
PowerPlay Forward
Center Left Wing Right Wing Time % Phy DF OF
1 Emil Pettersson Kurtis Macdermid Thomas Gobeil 60 1 1 3
2 Theodor Blueger William Carrier Jaedon Descheneau 40 1 1 3
PowerPlay Defense
Defense Defense Time % Phy DF OF
1 Robin Norell Mac Hollowell 60 1 2 2
2 Jordan Gross Luke Martin 40 1 2 2
Penalty Kill 4 Players Forward
Center Wing Time % Phy DF OF
1 Emil Pettersson Kurtis Macdermid 60 1 4 0
2 Theodor Blueger William Carrier 40 1 4 0
Penalty Kill 4 Players Defense
Defense Defense Time % Phy DF OF
1 Robin Norell Mac Hollowell 60 1 4 0
2 Jordan Gross Luke Martin 40 1 4 0
Penalty Kill - 3 Players Forward
Forward Time % Phy DF OF
1 Emil Pettersson 60 1 4 0
2 Theodor Blueger 40 1 4 0
Penalty Kill - 3 Players Defense
Defense Defense Time % Phy DF OF
1 Robin Norell Mac Hollowell 60 1 4 0
2 Jordan Gross Luke Martin 40 1 4 0
4 vs 4 Forward
Center Wing Time % Phy DF OF
1 Emil Pettersson Kurtis Macdermid 60 1 3 1
2 Theodor Blueger William Carrier 40 1 3 1
4 vs 4 Defense
Defense Defense Time % Phy DF OF
1 Robin Norell Mac Hollowell 60 1 3 1
2 Jordan Gross Luke Martin 40 1 3 1
Last Minutes Offensive
Center Left Wing Right Wing Defense Defense
Emil Pettersson Kurtis Macdermid Thomas Gobeil Robin Norell Mac Hollowell
Last Minutes Defensive
Center Left Wing Right Wing Defense Defense
Emil Pettersson Kurtis Macdermid Thomas Gobeil Robin Norell Mac Hollowell
Goaltenders
Starting : Kevin Mandolese
Backup : Filip Larsson
Extra Forwards
Normal : Theodor Blueger, Noah Gregor, Alex Henriksson - PP : Theodor Blueger, Noah Gregor - PK : Theodor Blueger
Extra Defensemen
Normal : Luke Martin, Alex Lintuniemi, Dennis Cholowski - PP : Luke Martin - PK : Luke Martin, Alex Lintuniemi
Penalty Shots
Kurtis Macdermid, William Carrier, Emil Pettersson, Cole Ully, Theodor Blueger
Custom OT Lines Forwards
Kurtis Macdermid, William Carrier, Emil Pettersson, Cole Ully, Theodor Blueger, Noah Gregor, Alex Henriksson, Kyle Platzer, Thomas Gobeil, Jaedon Descheneau
Custom OT Lines Defensemen
Robin Norell, Mac Hollowell, Jordan Gross, Luke Martin, Alex Lintuniemi
Scratches
Brett Kulak (Healthy), Jacob Peterson (Healthy), Ryan Merkley (Healthy), Bode Wilde (Healthy), Beck Malenstyn (Healthy)
Adam Edstrom (Healthy), Adam Beckman (Healthy), Angus Crookshank (Healthy), Joni Ortio (Healthy)
% Time on Ice - Condors
Lines # - Real PCT - Wanted PCT - Time Play
Normal Forward
1 - 34% - 40% - 14:36
2 - 25% - 30% - 11:00
3 - 23% - 20% - 10:02
4 - 18% - 10% - 7:53
Normal Defense
1 - 38% - 40% - 16:29
2 - 32% - 30% - 13:47
3 - 22% - 20% - 9:46
4 - 8% - 10% - 3:29
PP Forward
1 - 57% - 60% - 3:26
2 - 43% - 40% - 2:35
PP Defense
1 - 60% - 60% - 3:37
2 - 40% - 40% - 2:24
PK Forward
1 - 75% - 60% - 7:24
2 - 25% - 40% - 2:31
PK Defense
1 - 64% - 60% - 6:21
2 - 36% - 40% - 3:34
PK3 Forward
1 - 0% - 60%
2 - 0% - 40%
PK3 Defense
1 - 0% - 60%
2 - 0% - 40%
44 Forward
1 - 0% - 60%
2 - 0% - 40%
44 Defense
1 - 0% - 60%
2 - 0% - 40%
Last Minute Offensive - 0:33
Last Minute Defensive - 0:00
Total
Forward - 60:00
Defense - 60:00
|
% Time on Ice - Barracuda
Lines # - Real PCT - Wanted PCT - Time Play
Normal Forward
1 - 29% - 40% - 12:45
2 - 28% - 30% - 12:09
3 - 26% - 20% - 11:12
4 - 17% - 10% - 7:19
Normal Defense
1 - 40% - 40% - 17:34
2 - 32% - 30% - 13:43
3 - 27% - 20% - 11:45
4 - 1% - 10% - 0:23
PP Forward
1 - 61% - 60% - 6:00
2 - 39% - 40% - 3:55
PP Defense
1 - 58% - 60% - 5:44
2 - 42% - 40% - 4:11
PK Forward
1 - 73% - 60% - 4:24
2 - 27% - 40% - 1:37
PK Defense
1 - 76% - 60% - 4:33
2 - 24% - 40% - 1:28
PK3 Forward
1 - 0% - 60%
2 - 0% - 40%
PK3 Defense
1 - 0% - 60%
2 - 0% - 40%
44 Forward
1 - 0% - 60%
2 - 0% - 40%
44 Defense
1 - 0% - 60%
2 - 0% - 40%
Last Minute Offensive - 0:00
Last Minute Defensive - 0:39
Total
Forward - 60:00
Defense - 60:00
|
Play-by-Play
1st period
0:01 of 1st period - Nick Shore wins face-off versus Emil Pettersson in neutral zone.
0:06 of 1st period - Snap shot by Cody Glass.
0:06 of 1st period - Shot Misses the Net.
0:26 of 1st period - Alexandre Carrier is hit by William Carrier and loses puck.
0:35 of 1st period - Wrist shot by Theodor Blueger.
0:35 of 1st period - Stopped by Stuart Skinner with a rebound.
0:37 of 1st period - Wrist shot by Jordan Gross.
0:37 of 1st period - Shot Blocked by Tyson Jost.
0:55 of 1st period - Evan Bouchard is hit by Noah Gregor and loses puck.
1:15 of 1st period - Snap shot by Kyle Platzer.
1:15 of 1st period - Shot Misses the Net.
1:19 of 1st period - Wrist shot by Kyle Platzer.
1:19 of 1st period - Deflect By Alex Henriksson.
1:19 of 1st period - Shot Misses the Net.
1:19 of 1st period - Puck is out of play.
1:20 of 1st period - Nick Shore wins face-off versus Emil Pettersson in Condors zone.
1:27 of 1st period - Wrist shot by Kurtis Macdermid.
1:27 of 1st period - Shot Blocked by Nick Shore.
1:29 of 1st period - Wrist shot by Kurtis Macdermid.
1:29 of 1st period - Shot Misses the Net.
1:33 of 1st period - Snap shot by Kurtis Macdermid.
1:33 of 1st period - Deflect By Nick Shore.
1:33 of 1st period - Stopped by Stuart Skinner with a rebound.
2:27 of 1st period - Backhand shot by Connor Hurley.
2:27 of 1st period - Stopped by Kevin Mandolese without a rebound.
2:28 of 1st period - Noah Gregor wins face-off versus Connor Hurley in Barracuda zone.
2:53 of 1st period - Remi Elie is hit by Alex Lintuniemi and loses puck.
3:18 of 1st period - Theodor Blueger is hit by Yegor Sharangovich and loses puck.
3:28 of 1st period - Icing by William Carrier.
3:29 of 1st period - Alexei Toropchenko wins face-off versus Ryan McLeod in Barracuda zone.
3:55 of 1st period - Minor Penalty to Kurtis Macdermid for Tripping.
3:56 of 1st period - Tyson Jost wins face-off versus Emil Pettersson in Barracuda zone.
3:59 of 1st period - Slapshot by Martin Frk.
3:59 of 1st period - Goal by Martin Frk - Condors : 1 - Barracuda : 0.
4:00 of 1st period - Nick Shore wins face-off versus Emil Pettersson in neutral zone.
4:11 of 1st period - Emil Pettersson is hit by Nick Shore and loses puck.
6:52 of 1st period - Mac Hollowell is hit by Raphael Lavoie and loses puck.
7:07 of 1st period - Snap shot by Yegor Sharangovich.
7:07 of 1st period - Stopped by Kevin Mandolese without a rebound.
7:08 of 1st period - Emil Pettersson wins face-off versus Tyson Jost in Barracuda zone.
7:08 of 1st period - Emil Pettersson is hit by Alexandre Carrier.
8:00 of 1st period - Snap shot by Martin Frk.
8:00 of 1st period - Shot Misses the Net.
8:02 of 1st period - Slapshot by Alexandre Carrier.
8:02 of 1st period - Shot Blocked by Dennis Cholowski.
8:22 of 1st period - Wrist shot by Emil Pettersson.
8:22 of 1st period - Shot Blocked by Evan Bouchard.
8:34 of 1st period - Snap shot by Tyson Jost.
8:34 of 1st period - Goal by Tyson Jost - Condors : 2 - Barracuda : 0.
8:35 of 1st period - Emil Pettersson wins face-off versus Nick Shore in neutral zone.
8:39 of 1st period - Off-side.
8:40 of 1st period - Nick Shore wins face-off versus Emil Pettersson in neutral zone.
8:48 of 1st period - Minor Penalty to Mac Hollowell for Cross-checking.
8:49 of 1st period - Tyson Jost wins face-off versus Emil Pettersson in Barracuda zone.
9:23 of 1st period - Snap shot by Yegor Sharangovich.
9:23 of 1st period - Stopped by Kevin Mandolese with a rebound.
9:25 of 1st period - Slapshot by Alexander Alexeyev.
9:25 of 1st period - Stopped by Kevin Mandolese with a rebound.
10:29 of 1st period - Klim Kostin is hit by Alex Henriksson and loses puck.
10:48 of 1st period - Penalty to Mac Hollowell is over, Mac Hollowell is back on ice.
11:18 of 1st period - Snap shot by Kyle Platzer.
11:18 of 1st period - Goal by Kyle Platzer - Condors : 2 - Barracuda : 1.
11:19 of 1st period - Nick Shore wins face-off versus Emil Pettersson in neutral zone.
12:29 of 1st period - Wrist shot by Emil Pettersson.
12:29 of 1st period - Goal by Emil Pettersson - Condors : 2 - Barracuda : 2.
12:30 of 1st period - Nick Shore wins face-off versus Emil Pettersson in neutral zone.
13:01 of 1st period - Snap shot by Tyson Jost.
13:01 of 1st period - Shot Misses the Net.
13:03 of 1st period - Slapshot by Alexander Alexeyev.
13:03 of 1st period - Stopped by Kevin Mandolese with a rebound.
13:05 of 1st period - Snap shot by Tyson Jost.
13:05 of 1st period - Stopped by Kevin Mandolese without a rebound.
13:06 of 1st period - Theodor Blueger wins face-off versus Tyson Jost in Barracuda zone.
13:31 of 1st period - Cody Glass is hit by Kurtis Macdermid and loses puck.
13:55 of 1st period - Slapshot by Jordan Gross.
13:55 of 1st period - Stopped by Stuart Skinner with a rebound.
13:59 of 1st period - Wrist shot by Cole Ully.
13:59 of 1st period - Goal by Cole Ully - Condors : 2 - Barracuda : 3.
14:00 of 1st period - Emil Pettersson wins face-off versus Nick Shore in neutral zone.
14:04 of 1st period - Minor Penalty to Philip Broberg for Tripping.
14:05 of 1st period - Tyson Jost wins face-off versus Emil Pettersson in Condors zone.
16:04 of 1st period - Penalty to Philip Broberg is over, Philip Broberg is back on ice.
16:08 of 1st period - Icing by Alexander Alexeyev.
16:09 of 1st period - Noah Gregor wins face-off versus Remi Elie in Condors zone.
16:12 of 1st period - Wrist shot by Noah Gregor.
16:12 of 1st period - Stopped by Stuart Skinner with a rebound.
16:41 of 1st period - Snap shot by Noah Gregor.
16:41 of 1st period - Shot Misses the Net.
16:57 of 1st period - Slapshot by Remi Elie.
16:57 of 1st period - Shot Hit the Post.
17:24 of 1st period - Slapshot by Yegor Sharangovich.
17:24 of 1st period - Stopped by Kevin Mandolese with a rebound.
17:46 of 1st period - Slapshot by Remi Elie.
17:46 of 1st period - Deflect By Yegor Sharangovich.
17:46 of 1st period - Shot Misses the Net.
17:46 of 1st period - Puck is out of play.
17:47 of 1st period - Emil Pettersson wins face-off versus Ryan McLeod in Barracuda zone.
18:00 of 1st period - Icing by Ryan McLeod.
18:01 of 1st period - Ryan McLeod wins face-off versus Jaedon Descheneau in Condors zone.
18:18 of 1st period - Slapshot by Taro Hirose.
18:18 of 1st period - Stopped by Kevin Mandolese without a rebound.
18:19 of 1st period - Connor Hurley wins face-off versus Emil Pettersson in Barracuda zone.
18:28 of 1st period - Snap shot by Connor Hurley.
18:28 of 1st period - Shot Blocked by Thomas Gobeil.
18:32 of 1st period - Snap shot by Connor Hurley.
18:32 of 1st period - Stopped by Kevin Mandolese with a rebound.
18:34 of 1st period - Snap shot by Alexandre Carrier.
18:34 of 1st period - Stopped by Kevin Mandolese with a rebound.
19:07 of 1st period - Alex Henriksson is hit by Nick Shore.
19:34 of 1st period - Snap shot by Emil Pettersson.
19:34 of 1st period - Shot Misses the Net.
19:42 of 1st period - Snap shot by Tyson Jost.
19:42 of 1st period - Deflect By Yegor Sharangovich.
19:42 of 1st period - Stopped by Kevin Mandolese with a rebound.
Goals for this period are 2 for Condors vs 3 for Barracuda.
Shots for this period are 13 for Condors vs 7 for Barracuda.
2nd period
0:01 of 2nd period - Emil Pettersson wins face-off versus Nick Shore in neutral zone.
0:26 of 2nd period - Theodor Blueger is hit by Yegor Sharangovich and loses puck.
0:51 of 2nd period - Kyle Platzer is hit by Gustav Olofsson and loses puck.
1:16 of 2nd period - Alexander Alexeyev is hit by Noah Gregor and loses puck.
1:33 of 2nd period - Snap shot by Nick Shore.
1:33 of 2nd period - Shot Misses the Net.
1:35 of 2nd period - Wrist shot by Cody Glass.
1:35 of 2nd period - Shot Blocked by Jordan Gross.
1:37 of 2nd period - Slapshot by Gustav Olofsson.
1:37 of 2nd period - Shot Blocked by Emil Pettersson.
1:46 of 2nd period - Minor Penalty to Klim Kostin for Delaying the game.
1:47 of 2nd period - Thomas Gobeil wins face-off versus Tyson Jost in Condors zone.
1:55 of 2nd period - Wrist shot by Kurtis Macdermid.
1:55 of 2nd period - Shot Blocked by Evan Bouchard.
2:03 of 2nd period - Snap shot by Kurtis Macdermid.
2:03 of 2nd period - Stopped by Stuart Skinner without a rebound.
2:04 of 2nd period - Theodor Blueger wins face-off versus Tyson Jost in Condors zone.
2:11 of 2nd period - Snap shot by William Carrier.
2:11 of 2nd period - Shot Misses the Net.
3:25 of 2nd period - Remi Elie is hit by Emil Pettersson.
3:40 of 2nd period - Theodor Blueger is hit by Evan Bouchard and loses puck.
3:46 of 2nd period - Penalty to Klim Kostin is over, Klim Kostin is back on ice.
4:03 of 2nd period - Alexandre Carrier is hit by Noah Gregor and loses puck.
4:41 of 2nd period - Snap shot by Nick Shore.
4:41 of 2nd period - Stopped by Kevin Mandolese with a rebound.
4:43 of 2nd period - Snap shot by Remi Elie.
4:43 of 2nd period - Stopped by Kevin Mandolese with a rebound.
4:45 of 2nd period - Slapshot by Remi Elie.
4:45 of 2nd period - Goal by Remi Elie - Condors : 3 - Barracuda : 3.
4:46 of 2nd period - Emil Pettersson wins face-off versus Nick Shore in neutral zone.
4:57 of 2nd period - Slapshot by Kurtis Macdermid.
4:57 of 2nd period - Stopped by Stuart Skinner with a rebound.
5:57 of 2nd period - Slapshot by Alex Henriksson.
5:57 of 2nd period - Stopped by Stuart Skinner with a rebound.
5:59 of 2nd period - Wrist shot by Kyle Platzer.
5:59 of 2nd period - Shot Misses the Net.
6:27 of 2nd period - Wrist shot by Taro Hirose.
6:27 of 2nd period - Shot Misses the Net.
6:41 of 2nd period - Snap shot by Martin Frk.
6:41 of 2nd period - Shot Misses the Net.
6:43 of 2nd period - Snap shot by Martin Frk.
6:43 of 2nd period - Stopped by Kevin Mandolese with a rebound.
6:45 of 2nd period - Slapshot by Evan Bouchard.
6:45 of 2nd period - Shot Misses the Net.
6:47 of 2nd period - Slapshot by Evan Bouchard.
6:47 of 2nd period - Shot Blocked by Thomas Gobeil.
6:49 of 2nd period - Wrist shot by Ryan McLeod.
6:49 of 2nd period - Deflect By Taro Hirose.
6:49 of 2nd period - Shot Blocked by Thomas Gobeil.
6:49 of 2nd period - Puck is out of play.
6:50 of 2nd period - Nick Shore wins face-off versus Theodor Blueger in Barracuda zone.
6:57 of 2nd period - Snap shot by Nick Shore.
6:57 of 2nd period - Stopped by Kevin Mandolese with a rebound.
7:40 of 2nd period - Jordan Subban is hit by William Carrier and loses puck.
7:55 of 2nd period - Kyle Platzer is hit by Nick Shore and loses puck.
8:08 of 2nd period - Tyson Jost is hit by Robin Norell and loses puck.
8:13 of 2nd period - Wrist shot by Kurtis Macdermid.
8:13 of 2nd period - Shot Blocked by Alexandre Carrier.
8:33 of 2nd period - Slapshot by Connor Hurley.
8:33 of 2nd period - Stopped by Kevin Mandolese without a rebound.
8:34 of 2nd period - Theodor Blueger wins face-off versus Connor Hurley in Barracuda zone.
9:03 of 2nd period - Snap shot by Theodor Blueger.
9:03 of 2nd period - Goal by Theodor Blueger - Condors : 3 - Barracuda : 4.
9:04 of 2nd period - Nick Shore wins face-off versus Kurtis Macdermid in neutral zone.
9:09 of 2nd period - Slapshot by Alexandre Carrier.
9:09 of 2nd period - Stopped by Kevin Mandolese without a rebound.
9:10 of 2nd period - Nick Shore wins face-off versus Emil Pettersson in Barracuda zone.
9:11 of 2nd period - Snap shot by Cody Glass.
9:11 of 2nd period - Deflect By Nick Shore.
9:11 of 2nd period - Shot Misses the Net.
9:11 of 2nd period - Puck is out of play.
9:12 of 2nd period - Nick Shore wins face-off versus Emil Pettersson in Barracuda zone.
9:23 of 2nd period - Snap shot by Remi Elie.
9:23 of 2nd period - Stopped by Kevin Mandolese with a rebound.
9:25 of 2nd period - Minor Penalty to Thomas Gobeil for Slashing.
9:26 of 2nd period - Tyson Jost wins face-off versus Emil Pettersson in Barracuda zone.
9:35 of 2nd period - Wrist shot by Tyson Jost.
9:35 of 2nd period - Stopped by Kevin Mandolese with a rebound.
9:37 of 2nd period - Snap shot by Martin Frk.
9:37 of 2nd period - Shot Misses the Net.
9:39 of 2nd period - Snap shot by Cody Glass.
9:39 of 2nd period - Stopped by Kevin Mandolese without a rebound.
9:40 of 2nd period - Tyson Jost wins face-off versus Emil Pettersson in Barracuda zone.
9:41 of 2nd period - Slapshot by Martin Frk.
9:41 of 2nd period - Shot Misses the Net.
9:49 of 2nd period - Backhand shot by Kurtis Macdermid.
9:49 of 2nd period - Stopped by Stuart Skinner without a rebound.
9:50 of 2nd period - Tyson Jost wins face-off versus Emil Pettersson in Condors zone.
9:50 of 2nd period - Tyson Jost is hit by Emil Pettersson.
10:14 of 2nd period - Slapshot by Martin Frk.
10:14 of 2nd period - Stopped by Kevin Mandolese without a rebound.
10:15 of 2nd period - Nick Shore wins face-off versus Emil Pettersson in Barracuda zone.
11:25 of 2nd period - Penalty to Thomas Gobeil is over, Thomas Gobeil is back on ice.
11:32 of 2nd period - Snap shot by Pontus Holmberg.
11:32 of 2nd period - Stopped by Kevin Mandolese with a rebound.
11:34 of 2nd period - Slapshot by Pontus Holmberg.
11:34 of 2nd period - Shot Misses the Net.
11:40 of 2nd period - Snap shot by Pontus Holmberg.
11:40 of 2nd period - Stopped by Kevin Mandolese with a rebound.
11:42 of 2nd period - Slapshot by Jordan Subban.
11:42 of 2nd period - Stopped by Kevin Mandolese with a rebound.
12:01 of 2nd period - Snap shot by Noah Gregor.
12:01 of 2nd period - Stopped by Stuart Skinner without a rebound.
12:02 of 2nd period - Nick Shore wins face-off versus William Carrier in Condors zone.
12:07 of 2nd period - Wrist shot by William Carrier.
12:07 of 2nd period - Deflect By Theodor Blueger.
12:07 of 2nd period - Shot Blocked by Cody Glass.
12:07 of 2nd period - Puck is out of play.
12:08 of 2nd period - Theodor Blueger wins face-off versus Nick Shore in Condors zone.
12:15 of 2nd period - Slapshot by Alexandre Carrier.
12:15 of 2nd period - Shot Blocked by Luke Martin.
12:39 of 2nd period - Backhand shot by Kurtis Macdermid.
12:39 of 2nd period - Stopped by Stuart Skinner without a rebound.
12:40 of 2nd period - Emil Pettersson wins face-off versus Tyson Jost in Condors zone.
12:43 of 2nd period - Slapshot by Emil Pettersson.
12:43 of 2nd period - Deflect By Thomas Gobeil.
12:43 of 2nd period - Shot Misses the Net.
12:43 of 2nd period - Puck is out of play.
12:44 of 2nd period - Emil Pettersson wins face-off versus Nick Shore in Condors zone.
12:51 of 2nd period - Slapshot by Kurtis Macdermid.
12:51 of 2nd period - Deflect By Thomas Gobeil.
12:51 of 2nd period - Shot Misses the Net.
12:51 of 2nd period - Puck is out of play.
12:52 of 2nd period - Emil Pettersson wins face-off versus Nick Shore in Condors zone.
13:01 of 2nd period - Snap shot by Evan Bouchard.
13:01 of 2nd period - Shot Blocked by Robin Norell.
13:03 of 2nd period - Slapshot by Evan Bouchard.
13:03 of 2nd period - Shot Misses the Net.
13:05 of 2nd period - Wrist shot by Nick Shore.
13:05 of 2nd period - Deflect By Cody Glass.
13:05 of 2nd period - Stopped by Kevin Mandolese without a rebound.
13:06 of 2nd period - Tyson Jost wins face-off versus Theodor Blueger in Barracuda zone.
13:11 of 2nd period - Slapshot by Yegor Sharangovich.
13:11 of 2nd period - Stopped by Kevin Mandolese with a rebound.
13:13 of 2nd period - Snap shot by Tyson Jost.
13:13 of 2nd period - Stopped by Kevin Mandolese without a rebound.
13:14 of 2nd period - Tyson Jost wins face-off versus Theodor Blueger in Barracuda zone.
13:25 of 2nd period - Snap shot by Yegor Sharangovich.
13:25 of 2nd period - Stopped by Kevin Mandolese with a rebound.
13:27 of 2nd period - Wrist shot by Klim Kostin.
13:27 of 2nd period - Stopped by Kevin Mandolese with a rebound.
13:29 of 2nd period - Slapshot by Alexandre Carrier.
13:29 of 2nd period - Stopped by Kevin Mandolese with a rebound.
13:35 of 2nd period - Minor Penalty to Jaedon Descheneau for Hooking.
13:36 of 2nd period - Emil Pettersson wins face-off versus Tyson Jost in Barracuda zone.
13:36 of 2nd period - Emil Pettersson is hit by Martin Frk.
15:29 of 2nd period - Kyle Platzer is hit by Klim Kostin and loses puck.
15:35 of 2nd period - Penalty to Jaedon Descheneau is over, Jaedon Descheneau is back on ice.
15:59 of 2nd period - Cole Ully is hit by Alexander Alexeyev.
16:09 of 2nd period - Slapshot by Martin Frk.
16:09 of 2nd period - Stopped by Kevin Mandolese with a rebound.
16:26 of 2nd period - Minor Penalty to Taro Hirose for Diving.
16:27 of 2nd period - Tyson Jost wins face-off versus Emil Pettersson in Condors zone.
16:38 of 2nd period - Off-side.
16:39 of 2nd period - Emil Pettersson wins face-off versus Tyson Jost in neutral zone.
16:44 of 2nd period - Snap shot by Kurtis Macdermid.
16:44 of 2nd period - Stopped by Stuart Skinner with a rebound.
16:46 of 2nd period - Snap shot by Kurtis Macdermid.
16:46 of 2nd period - Shot Blocked by Martin Frk.
16:52 of 2nd period - Snap shot by Kurtis Macdermid.
16:52 of 2nd period - Stopped by Stuart Skinner with a rebound.
16:54 of 2nd period - Snap shot by Thomas Gobeil.
16:54 of 2nd period - Stopped by Stuart Skinner with a rebound.
18:26 of 2nd period - Penalty to Taro Hirose is over, Taro Hirose is back on ice.
19:05 of 2nd period - Wrist shot by Taro Hirose.
19:05 of 2nd period - Shot Misses the Net.
19:51 of 2nd period - Wrist shot by Alex Henriksson.
19:51 of 2nd period - Stopped by Stuart Skinner with a rebound.
Goals for this period are 1 for Condors vs 1 for Barracuda.
Shots for this period are 21 for Condors vs 11 for Barracuda.
3rd period
0:01 of 3rd period - Emil Pettersson wins face-off versus Yegor Sharangovich in neutral zone.
0:04 of 3rd period - Snap shot by Mac Hollowell.
0:04 of 3rd period - Shot Hit the Post.
0:12 of 3rd period - Wrist shot by Alexandre Carrier.
0:12 of 3rd period - Shot Blocked by Mac Hollowell.
0:14 of 3rd period - Snap shot by Tyson Jost.
0:14 of 3rd period - Shot Blocked by Kurtis Macdermid.
0:16 of 3rd period - Slapshot by Evan Bouchard.
0:16 of 3rd period - Goal by Evan Bouchard - Condors : 4 - Barracuda : 4.
0:17 of 3rd period - Klim Kostin wins face-off versus Emil Pettersson in neutral zone.
0:42 of 3rd period - Theodor Blueger is hit by Nick Shore and loses puck.
1:07 of 3rd period - Wrist shot by Noah Gregor.
1:07 of 3rd period - Stopped by Stuart Skinner with a rebound.
1:50 of 3rd period - Slapshot by Cody Glass.
1:50 of 3rd period - Shot Blocked by Jordan Gross.
1:52 of 3rd period - Snap shot by Alexandre Carrier.
1:52 of 3rd period - Stopped by Kevin Mandolese with a rebound.
2:14 of 3rd period - Backhand shot by William Carrier.
2:14 of 3rd period - Stopped by Stuart Skinner with a rebound.
2:16 of 3rd period - Snap shot by Theodor Blueger.
2:16 of 3rd period - Shot Misses the Net.
2:18 of 3rd period - Snap shot by Theodor Blueger.
2:18 of 3rd period - Stopped by Stuart Skinner with a rebound.
2:20 of 3rd period - Slapshot by Theodor Blueger.
2:20 of 3rd period - Stopped by Stuart Skinner with a rebound.
2:24 of 3rd period - Snap shot by William Carrier.
2:24 of 3rd period - Deflect By Theodor Blueger.
2:24 of 3rd period - Goal by Theodor Blueger - Condors : 4 - Barracuda : 5.
2:25 of 3rd period - Tyson Jost wins face-off versus Emil Pettersson in neutral zone.
2:28 of 3rd period - Snap shot by Tyson Jost.
2:28 of 3rd period - Stopped by Kevin Mandolese with a rebound.
2:30 of 3rd period - Slapshot by Alexander Alexeyev.
2:30 of 3rd period - Shot Misses the Net.
2:38 of 3rd period - Wrist shot by Yegor Sharangovich.
2:38 of 3rd period - Shot Misses the Net.
2:40 of 3rd period - Slapshot by Tyson Jost.
2:40 of 3rd period - Stopped by Kevin Mandolese with a rebound.
2:50 of 3rd period - Cody Glass is hit by Mac Hollowell and loses puck.
3:32 of 3rd period - Snap shot by Kyle Platzer.
3:32 of 3rd period - Shot Misses the Net.
3:36 of 3rd period - Wrist shot by Kyle Platzer.
3:36 of 3rd period - Shot Blocked by Connor Hurley.
3:38 of 3rd period - Wrist shot by Alex Henriksson.
3:38 of 3rd period - Shot Blocked by Evan Bouchard.
4:10 of 3rd period - Slapshot by Cole Ully.
4:10 of 3rd period - Shot Misses the Net.
4:34 of 3rd period - Snap shot by Martin Frk.
4:34 of 3rd period - Shot Blocked by Theodor Blueger.
4:36 of 3rd period - Snap shot by Ryan McLeod.
4:36 of 3rd period - Stopped by Kevin Mandolese with a rebound.
5:12 of 3rd period - Wrist shot by Theodor Blueger.
5:12 of 3rd period - Stopped by Stuart Skinner with a rebound.
5:23 of 3rd period - Minor Penalty to Jordan Subban for Holding.
5:24 of 3rd period - Emil Pettersson wins face-off versus Tyson Jost in Condors zone.
5:41 of 3rd period - Alexandre Carrier is hit by Emil Pettersson and loses puck.
6:19 of 3rd period - Gustav Olofsson is hit by Luke Martin and loses puck.
7:23 of 3rd period - Penalty to Jordan Subban is over, Jordan Subban is back on ice.
7:36 of 3rd period - Alexander Alexeyev is hit by Dennis Cholowski and loses puck.
7:43 of 3rd period - Nikolai Knyzhov is hit by Nikolai Kovalenko and loses puck.
8:08 of 3rd period - Minor Penalty to Connor Hurley for Hooking.
8:09 of 3rd period - Tyson Jost wins face-off versus Theodor Blueger in Condors zone.
8:09 of 3rd period - Tyson Jost is hit by Theodor Blueger.
9:19 of 3rd period - Jordan Gross is hit by Klim Kostin and loses puck.
10:08 of 3rd period - Penalty to Connor Hurley is over, Connor Hurley is back on ice.
10:33 of 3rd period - Alexei Toropchenko is hit by Pontus Holmberg and loses puck.
10:54 of 3rd period - Klim Kostin is hit by Noah Gregor and loses puck.
11:05 of 3rd period - Pontus Holmberg is hit by William Carrier and loses puck.
11:18 of 3rd period - Taro Hirose is hit by Kyle Platzer and loses puck.
11:25 of 3rd period - Alex Henriksson is hit by Taro Hirose and loses puck.
12:47 of 3rd period - Noah Gregor is hit by Jordan Subban and loses puck.
13:00 of 3rd period - Snap shot by William Carrier.
13:00 of 3rd period - Stopped by Stuart Skinner with a rebound.
13:02 of 3rd period - Slapshot by Dennis Cholowski.
13:02 of 3rd period - Deflect By William Carrier.
13:02 of 3rd period - Shot Misses the Net.
13:02 of 3rd period - Puck is out of play.
13:03 of 3rd period - Raphael Lavoie wins face-off versus Theodor Blueger in Condors zone.
13:05 of 3rd period - Connor Hurley is hit by Alex Lintuniemi and loses puck.
13:14 of 3rd period - Slapshot by Alexander Alexeyev.
13:14 of 3rd period - Stopped by Kevin Mandolese with a rebound.
13:28 of 3rd period - Alex Lintuniemi is hit by Tyson Jost and loses puck.
13:53 of 3rd period - Nick Shore is hit by Noah Gregor and loses puck.
14:13 of 3rd period - Off-side.
14:14 of 3rd period - Emil Pettersson wins face-off versus Tyson Jost in neutral zone.
14:49 of 3rd period - Slapshot by Theodor Blueger.
14:49 of 3rd period - Shot Blocked by Remi Elie.
14:55 of 3rd period - Remi Elie is hit by Jaedon Descheneau and loses puck.
15:08 of 3rd period - Snap shot by Noah Gregor.
15:08 of 3rd period - Stopped by Stuart Skinner with a rebound.
15:10 of 3rd period - Wrist shot by Nikolai Kovalenko.
15:10 of 3rd period - Stopped by Stuart Skinner without a rebound.
15:11 of 3rd period - Ryan McLeod wins face-off versus Noah Gregor in Condors zone.
15:16 of 3rd period - Cole Ully is hit by Nikolai Knyzhov and loses puck.
15:41 of 3rd period - Snap shot by Martin Frk.
15:41 of 3rd period - Deflect By Noah Gregor.
15:41 of 3rd period - Stopped by Kevin Mandolese with a rebound.
15:47 of 3rd period - Slapshot by Mac Hollowell.
15:47 of 3rd period - Stopped by Stuart Skinner with a rebound.
15:49 of 3rd period - Slapshot by Mac Hollowell.
15:49 of 3rd period - Stopped by Stuart Skinner with a rebound.
15:51 of 3rd period - Snap shot by Noah Gregor.
15:51 of 3rd period - Stopped by Stuart Skinner without a rebound.
15:52 of 3rd period - Nick Shore wins face-off versus Emil Pettersson in Condors zone.
16:25 of 3rd period - Backhand shot by William Carrier.
16:25 of 3rd period - Shot Misses the Net.
16:27 of 3rd period - Backhand shot by Jaedon Descheneau.
16:27 of 3rd period - Deflect By William Carrier.
16:27 of 3rd period - Shot Blocked by Alexandre Carrier.
16:27 of 3rd period - Puck is out of play.
16:28 of 3rd period - Emil Pettersson wins face-off versus Ryan McLeod in Condors zone.
16:29 of 3rd period - Wrist shot by Kurtis Macdermid.
16:29 of 3rd period - Shot Blocked by Alexander Alexeyev.
16:41 of 3rd period - Slapshot by Martin Frk.
16:41 of 3rd period - Shot Misses the Net.
16:43 of 3rd period - Wrist shot by Taro Hirose.
16:43 of 3rd period - Stopped by Kevin Mandolese with a rebound.
16:53 of 3rd period - Kurtis Macdermid is hit by Klim Kostin and loses puck.
16:58 of 3rd period - Slapshot by Tyson Jost.
16:58 of 3rd period - Stopped by Kevin Mandolese without a rebound.
16:59 of 3rd period - Noah Gregor wins face-off versus Tyson Jost in Barracuda zone.
17:26 of 3rd period - Luke Martin is hit by Martin Frk and loses puck.
18:27 of 3rd period - Noah Gregor is hit by Yegor Sharangovich and loses puck.
18:56 of 3rd period - Condors, Stuart Skinner is pulled from the net.
19:18 of 3rd period - Snap shot by Kurtis Macdermid.
19:18 of 3rd period - Shot Misses the Net.
19:20 of 3rd period - Snap shot by Mac Hollowell.
19:20 of 3rd period - Shot Misses the Net.
19:22 of 3rd period - Slapshot by Emil Pettersson.
19:22 of 3rd period - Shot Misses the Net.
19:24 of 3rd period - Snap shot by Robin Norell.
19:24 of 3rd period - Goal by Robin Norell - Condors : 4 - Barracuda : 6.
19:24 of 3rd period - Stuart Skinner from Condors was sent back in the game.
19:25 of 3rd period - Cole Ully wins face-off versus Tyson Jost in neutral zone.
19:27 of 3rd period - Off-side.
19:28 of 3rd period - Tyson Jost wins face-off versus Cole Ully in neutral zone.
Goals for this period are 1 for Condors vs 2 for Barracuda.
Shots for this period are 9 for Condors vs 13 for Barracuda.